 Dungeon Crawl Stone Soup version 0.30-a0-137-gd8773701ce (webtiles) character file.

Game seed: 16979199981315980039

4 Dreamer the Insei (level 1, -1/13 HPs)
             Began as an Octopode Transmuter on Sept 23, 2022.
             Frozen to death by an endoplasm (4 damage)
             ... on level 1 of the Dungeon.
             The game lasted 00:00:44 (97 turns).

Dreamer the Insei (Octopode Transmuter)               Turns: 97, Time: 00:00:45

Health: -1/13      AC:  1    Str:  9    XL:     1   Next: 60%
Magic:  3/3        EV: 13    Int: 15    God:
Gold:   12         SH:  0    Dex: 12    Spells: 3/4 levels left

rFire   . . .      SeeInvis .    b - +0 hand axe
rCold   . . .      Faith    .    (no shield)
rNeg    . . .      Spirit   .    (helmet restricted)
rPois   .          Reflect  .    (no amulet)
rElec   .          Harm     .    (no ring)
rCorr   .          Rampage  .    (no ring)
Will    .....                    (no ring)
Stlth   ++........               (no ring)
HPRegen 0.04/turn                (no ring)
MPRegen 0.08/turn                (no ring)
                                 (no ring)
                                 (no ring)

@: no status effects
A: almost no armour, amphibious, 8 rings, camouflage 1, gelatinous body 1,
(nimble swimmer 1), tentacles
a: no special abilities


You were on level 1 of the Dungeon.
You visited 1 branch of the dungeon, and saw 1 of its levels.

You collected 12 gold pieces.

Inventory:

Hand Weapons
 b - a +0 hand axe (weapon)
Scrolls
 c - a scroll of vulnerability {unknown}
 d - 3 scrolls of identify {unknown}
Potions
 a - a potion of lignification


   Skills:
 - Level 1.0 Fighting
 - Level 2.0 Dodging
 - Level 3.0 Unarmed Combat
 - Level 2.0 Spellcasting
 * Level 2.2 Transmutations
 + Level 0.4 Ice Magic


You had 3 spell levels left.
You knew the following spells:

 Your Spells              Type           Power      Damage    Failure   Level
a - Beastly Appendage     Tmut           16%        N/A       9%          1

Your spell library contained the following spells:

 Spells                   Type           Power      Damage    Failure   Level
 Wereblood                Tmut           8%         N/A       13%         2
 Spider Form              Tmut/Pois      4%         N/A       38%         3
 Ice Form                 Ice/Tmut       5%         N/A       77%         4


Dungeon Overview and Level Annotations

Branches:
Dungeon (1/15)

Altars:

Shops:
D:1 ?


Innate Abilities, Weirdness & Mutations

You cannot wear most types of armour.
You are amphibious.
You can wear up to eight rings at the same time.
Your skin changes colour to match your surroundings (Stealth+).
Your rubbery body absorbs attacks. (AC +1, EV +1)
((You are camouflaged when in or above water. (Stealth+)))
You have tentacles for arms and can constrict up to eight enemies at once.


Message History

A kobold comes into view. It is wielding a +0 short sword.
Found an embroidered scarf.
You see here 3 scrolls labelled LYEBUER TOKAT.
d - 3 scrolls labelled LYEBUER TOKAT
Found 14 gold pieces.
A ball python comes into view.
Found a faded altar of an unknown god.
The kobold shouts!
The ball python hisses angrily.
You see here a scarf of resistance.
An endoplasm comes into view.
The kobold closely misses you.
The hobgoblin shouts!
You hit the kobold. You grab the kobold.
The kobold is moderately wounded.
You constrict the kobold, but do no damage.
You hear a shout!
The kobold hits you with a +0 short sword.
You hit the kobold.
The kobold is severely wounded.
You constrict the kobold, but do no damage.
The kobold barely misses you. The ball python closely misses you.
The ball python barely misses you.
You hit the kobold.
You kill the kobold!
You closely miss the ball python. The ball python barely misses you.
The ball python misses you.
You hit the ball python.
You kill the ball python!
You hit the hobgoblin.
You kill the hobgoblin!
You barely miss the endoplasm. The endoplasm barely misses you.
The endoplasm freezes you.
You are frozen.
You hit the endoplasm but do no damage. The endoplasm hits you.
* * * LOW HITPOINT WARNING * * *
You hit the endoplasm.
The endoplasm is heavily wounded.
The endoplasm freezes you.
You are frozen.
You die...

#...#.....................
## ..###..............
..###....).........
...#..(......#####
##..........K.#
...##.........#
#.......>...#
...#...[.....###
.$......[@).....#
.....#....J.....#
.....#..........# #.##
#.......$... #
#........8.8 .........._.
##........8.8 #...........


You could see an endoplasm and a kobold.

Vanquished Creatures
  A hobgoblin (D:1)
  2 ball pythons (D:1)
  A frilled lizard (D:1)
  A kobold (D:1)
5 creatures vanquished.

Notes
Turn   | Place    | Note
-------+----------+-------------------------------------------
     0 | D:1      | Dreamer the Octopode Transmuter began the quest for the
                  | Orb.
     0 | D:1      | Reached XP level 1. HP: 13/13 MP: 3/3
    11 | D:1      | Found Asecwe's Magic Scroll Emporium.
    86 | D:1      | Found a faded altar of an unknown god.
    97 | D:1      | Frozen to death by an endoplasm

Illustrated notes

Levels and vault maps discovered:
D:1:      psy_arrival_radial01, layout_rooms, chequers_ecumenical_altar_simple,
          serial_shops, nicolae_shop_temple_entry_statues_fountains,
          corner_web_ring, glass_columns_c

Action                   || total
-------------------------++-------
Melee: Hand axe          ||     8
       Unarmed           ||     5
       Constrict         ||     3
       Tentacles         ||     1
Dodge: Dodged            ||    10

Table legend: (Time is in decaauts)
 A = Elapsed time spent in this place.
 B = Non-inter-level travel time spent in this place.
 C = Inter-level travel time spent in this place.
 D = Time resting spent in this place.
 E = Time spent auto-exploring this place.
 F = Levels seen in this place.
 G = Mean time per level.
                   A        B        C        D        E       F      G
               +--------+--------+--------+--------+--------+-----+--------+
         Total |     98 |     98 |      0 |      0 |     51 |   1 |   98.0 |
       Dungeon |     98 |     98 |      0 |      0 |     51 |   1 |   98.0 |
               +--------+--------+--------+--------+--------+-----+--------+

Top non-repeatable levels by time:
     D:1: 98 daAuts
